 Dungeon Crawl Stone Soup version 0.23.0-3-gf3c87f2 (webtiles) character file.

Game seed: 12901036169535210646

5 vishdafish the Charmwright (level 1, -2/20 HPs)
             Began as a Gnoll Skald on Feb 20, 2019.
             Slain by a goblin
             ... wielding a +1 dagger of distortion
              (3 damage)
             ... on level 1 of the Dungeon.
             The game lasted 00:00:30 (74 turns).

vishdafish the Charmwright (Gnoll Skald)              Turns: 74, Time: 00:00:31

Health: -2/20      AC:  3    Str: 13    XL:     1   Next: 80%
Magic:  6/6        EV: 14    Int: 15    God:
Gold:   0          SH:  0    Dex: 14    Spells: 8/9 levels left

rFire    . . .     SeeInvis .   a - +0 falchion
rCold    . . .     Gourm    .   (no shield)
rNeg     . . .     Faith    .   b - +0 leather armour
rPois    .         Spirit   .   (no helmet)
rElec    .         Reflect  .   (no cloak)
rCorr    .         Harm     .   (no gloves)
MR       .....                  (no boots)
Stlth    +.........             (no amulet)
HPRegen  0.06/turn              (no ring)
MPRegen  0.10/turn              (no ring)

@: no status effects
A: distributed training, fangs 1, strong nose
a: no special abilities


You were on level 1 of the Dungeon.
You were not hungry.

You visited 1 branch of the dungeon, and saw 1 of its levels.

Inventory:

Hand Weapons
 a - a +0 falchion (weapon)
Armour
 b - a +0 leather armour (worn)
Scrolls
 e - 2 scrolls of identify {unknown}
 f - a scroll of remove curse {unknown}
Potions
 c - a potion of curing {unknown}
 g - a potion of degeneration {unknown}
Comestibles
 d - a ration


   Skills:
 + Level 4.4 Fighting
 + Level 0.1 Short Blades
 + Level 4.4 Long Blades
 + Level 0.1 Axes
 + Level 0.1 Maces & Flails
 + Level 0.1 Polearms
 + Level 0.1 Staves
 + Level 0.1 Slings
 + Level 0.1 Bows
 + Level 0.1 Crossbows
 + Level 0.1 Throwing
 + Level 2.4 Armour
 + Level 4.4 Dodging
 + Level 0.1 Stealth
 + Level 0.1 Shields
 + Level 0.1 Unarmed Combat
 + Level 4.9 Spellcasting
 + Level 0.1 Conjurations
 + Level 0.1 Hexes
 + Level 5.3 Charms
 + Level 0.1 Summonings
 + Level 0.1 Necromancy
 + Level 0.1 Translocations
 + Level 0.1 Transmutations
 + Level 0.1 Fire Magic
 + Level 0.1 Ice Magic
 + Level 0.1 Air Magic
 + Level 0.1 Earth Magic
 + Level 0.1 Poison Magic
 + Level 0.2 Invocations
 + Level 0.1 Evocations


You had 8 spell levels left.
You knew the following spells:

 Your Spells              Type           Power        Failure   Level  Hunger
a - Infusion              Chrm           ###.         2%          1    None

Your spell library contained the following spells:

 Spells                   Type           Power        Failure   Level  Hunger
 Song of Slaying          Chrm           ###.....     3%          2    ##.....
 Shroud of Golubria       Chrm/Tloc      ##........   11%         2    ##.....
 Regeneration             Chrm/Necr      ##........   21%         3    ###....
 Spectral Weapon          Hex/Chrm       ##......     21%         3    ###....


Dungeon Overview and Level Annotations

Branches:
Dungeon (1/15)

Altars:


Innate Abilities, Weirdness & Mutations

Your experience applies equally to all skills.
You have very sharp teeth.
Your uncanny sense of smell can sniff out nearby items.


Message History

Okay, then.
You closely miss the goblin. Your bite misses the goblin.
The goblin misses you.
You barely miss the goblin.
The goblin hits you with a +1 dagger of distortion.
You blink.
Found a stone staircase leading down.
The goblin misses you.
You see here a bat corpse.
You closely miss the goblin. The goblin barely misses you.
You closely miss the goblin. The goblin closely misses you.
The goblin hits you but does no damage. Space warps horribly around you!!
Ouch! That really hurt!
* * * LOW HITPOINT WARNING * * *
You aren't carrying any items that you can evoke.
Okay, then.
You hit the goblin.
The goblin is heavily wounded.
The goblin hits you but does no damage. Space bends around you.
You die...

#..# ∆ #..# # ##.#
#..####..# ...###
#........# #......
#.#####..# ......# #.#
#.#.. ....... #.# #.#
#.# ....... #.###.#
#.#####....... #.##.##
##...g@......> #.....##
##.#####.......
######.###.........!....
##.#.#######.......
##.## ####### ###


You could see a goblin.

Vanquished Creatures
  A bat (D:1)
  A giant cockroach (D:1)
  A kobold (D:1)
  A frilled lizard (D:1)
  A rat (D:1)
5 creatures vanquished.

Notes
Turn   | Place    | Note
-------+----------+-------------------------------------------
     0 | D:1      | vishdafish the Gnoll Skald began the quest for the Orb.
     0 | D:1      | Reached XP level 1. HP: 20/20 MP: 6/6
    72 | D:1      | HP: 1/20 [goblin/+1 dagger of distortion (18)]
    74 | D:1      | Slain by a goblin

Action                   || total
-------------------------++-------
Melee: Falchion          ||    15
       Bite              ||     1
Armor: Leather armour    ||     1
Dodge: Dodged            ||    14
       Rpst.: Falchion   ||     3
